 Dungeon Crawl Stone Soup version 0.29-a0-207-gf982a884d8 (webtiles) character file.

Game seed: 17494708820955648561

109 iguanaiguana the Grasshopper (level 4, -2/36 HPs)
             Began as a Palentonga Warper on Feb 24, 2022.
             Slain by Grinder (4 damage)
             ... while paralysed by Grinder
             ... on level 3 of the Dungeon.
             The game lasted 00:07:24 (2222 turns).

iguanaiguana the Grasshopper (Palentonga Warper)    Turns: 2222, Time: 00:07:25

Health: -2/36      AC:  9    Str: 14    XL:     4   Next: 60%
Magic:  7/7        EV:  1    Int: 15    God:
Gold:   113        SH:  0    Dex: 10    Spells: 5/7 levels left

rFire   . . .      SeeInvis +   o - +1 war axe (venom)
rCold   . . .      Faith    .   (no shield)
rNeg    + . .      Spirit   .   n - +0 robe of Hepliaklqana's Grace {rElec}
rPois   .          Reflect  .   m - +0 helmet
rElec   +          Harm     .   (no cloak)
rCorr   .          Rampage  .   (no gloves)
Will    .....                   (no barding)
Stlth   +.........              (no amulet)
HPRegen 0.12/turn               i - ring of positive energy
MPRegen 0.10/turn               b - +4 ring of protection

@: paralysed, attractive
A: large, rugged brown scales 3, see invisible, deformed body, roll 1, armoured
tail
a: Rolling Charge


You were on level 3 of the Dungeon.
You visited 1 branch of the dungeon, and saw 3 of its levels.

You collected 113 gold pieces.

Inventory:

Hand Weapons
 a - a +0 falchion
 j - a +1 whip of flaming
 o - a +1 war axe of venom (weapon)
Missiles
 d - 5 boomerangs of dispersal (quivered)
 e - 5 boomerangs
 q - 5 poisoned darts
Armour
 m - a +0 helmet (worn)
 n - the +0 robe of Hepliaklqana's Grace (worn) {rElec}
   (You took it off a goblin on level 2 of the Dungeon)

   rElec:     It insulates you from electricity.
Magical Staves
 g - a staff of death
Jewellery
 b - a +4 ring of protection (right hand)
 i - a ring of positive energy (left hand)
Scrolls
 c - a scroll of blinking {@r4}
 f - a scroll of amnesia
 k - 2 scrolls of enchant armour


   Skills:
 + Level 2.9 Fighting
 - Level 3.4 Long Blades
 + Level 0.7 Throwing
 - Level 0.8 Armour
 - Level 1.5 Dodging
 - Level 2.0 Spellcasting
 + Level 3.7 Translocations
 + Level 0.4 Evocations


You had 5 spell levels left.
You knew the following spells:

 Your Spells              Type           Power      Damage    Failure   Level
a - Blink                 Tloc           24%        N/A       7%          2

Your spell library contained the following spells:

 Spells                   Type           Power      Damage    Failure   Level
 Gell's Gravitas          Tloc           12%        N/A       14%         3
 Lesser Beckoning         Tloc           12%        N/A       14%         3
 Teleport Other           Tloc           12%        N/A       14%         3
 Beastly Appendage        Tmut           2%         N/A       22%         1
 Sting                    Tmut/Pois      4%         1d3       22%         1
 Corpse Rot               Necr/Air       2%         N/A       32%         2
 Poisonous Vapours        Pois/Air       2%         N/A       32%         2
 Wereblood                Tmut           1%         N/A       32%         2
 Spider Form              Tmut/Pois      1%         N/A       54%         3
 Manifold Assault         Tloc           12%        N/A       78%         5
 Olgreb's Toxic Radiance  Pois           1%         N/A       91%         4


Dungeon Overview and Level Annotations

Branches:
Dungeon (3/15)

Altars:
Kikubaaqudgha
Zin

Annotations:
D:2 Sigmund
D:3 Grinder


Innate Abilities, Weirdness & Mutations

You are completely covered in rugged brown scales. (AC +3, +7% HP)
You have supernaturally acute eyesight. (SInv)
Armour fits poorly on your strangely shaped body.
You can roll at nearby foes to attack.
You have a long armoured tail.


Message History

Press: ? - help, Dir - move target, f/p - Grinder
Aim: Grinder (lightly wounded, ally target)
You roll forward with a clatter of scales!
You closely miss Grinder.
Grinder is lightly wounded.
Grinder hits you.
You writhe in agony.
Your quokka bites Grinder.
There's nothing you can charge at!
Unknown command.
You completely miss Grinder.
Grinder is moderately wounded.
Your quokka closely misses Grinder.
Grinder hits you.
* * * LOW HITPOINT WARNING * * *
Your quokka bites Grinder.
Grinder says, "Wait up."
Grinder hits you.
* * * LOW HITPOINT WARNING * * *
You slash Grinder!
Your tail-slap misses Grinder.
Grinder is heavily wounded.
Your quokka bites Grinder.
Grinder barely misses you.
Your quokka closely misses Grinder.
You slash Grinder!
Grinder is severely wounded.
Your quokka dissolves into shadows!
Grinder blinks!
Grinder gestures at you.
You suddenly lose the ability to move!
Grinder is attracted toward you. Grinder gestures at you.
Pain shoots through your body!
* * * LOW HITPOINT WARNING * * *
Grinder hits you but does no damage. Grinder hits you.
* * * LOW HITPOINT WARNING * * *
Grinder hits you.
* * * LOW HITPOINT WARNING * * *
You writhe in agony.
* * * LOW HITPOINT WARNING * * *
Grinder gestures at you.
You shrug off the repeated paralysis!
Grinder hits you.
You die...

.... #####<... # .
......... .# ..
........#+##.#.
..............
............#
............#
........5@..#
$...........#
............####..
..................
....####†.........
... #.....#######$
!. #............ .
#.....#.###.#
#.....#...


You could see Grinder.

Vanquished Creatures
  Robin (D:2)
  4 adders
  A worm (D:2)
  2 dart slugs
  5 orcs (D:3)
  2 endoplasms
  2 giant cockroaches (D:2)
  9 goblins
  5 hobgoblins
  2 quokkas
  4 ball pythons
  3 bats
  3 frilled lizards
  4 kobolds (D:1)
  2 rats (D:2)
49 creatures vanquished.

Vanquished Creatures (others)
  8 toadstools (D:2)
8 creatures vanquished.

Grand Total: 57 creatures vanquished

Notes
Turn   | Place    | Note
-------+----------+-------------------------------------------
     0 | D:1      | iguanaiguana the Palentonga Warper began the quest for the
                  | Orb.
     0 | D:1      | Reached XP level 1. HP: 17/17 MP: 3/3
   303 | D:1      | Found a faded altar of an unknown god.
   404 | D:1      | Reached XP level 2. HP: 16/23 MP: 5/5
   407 | D:1      | Learned a level 2 spell: Blink
  1063 | D:2      | Reached XP level 3. HP: 25/29 MP: 6/6
  1447 | D:2      | Noticed Sigmund
  1704 | D:2      | Noticed Robin
  1711 | D:2      | Killed Robin
  1754 | D:2      | Identified the +0 robe of Hepliaklqana's Grace {rElec}
  1909 | D:2      | Reached XP level 4. HP: 36/36 MP: 7/7
  2094 | D:3      | Found an ancient bone altar of Kikubaaqudgha.
  2182 | D:3      | Found a glowing silver altar of Zin.
  2189 | D:3      | Noticed Grinder
  2204 | D:3      | Paralysed by Grinder for 3 turns
  2216 | D:3      | Paralysed by Grinder for 7 turns
  2222 | D:3      | Slain by Grinder

Illustrated notes

Levels and vault maps discovered:
D:1:      wheals_arrival_shading, layout_basic,
          nicolae_ecumenical_snake_handling
D:2:      cheibrodos_fertilizer, layout_loops_ring, kennysheep_generic_room_5,
          uniq_crazy_yiuf_cottage, uniq_sigmund, uniq_robin
D:3:      layout_basic, mainiacjoe_overflow_cross_hatched, marbit_many_paths,
          uniq_grinder

Skill      XL: |  1  2  3 |
---------------+----------+-----
Long Blades    | 3 |  3.4
Fighting       | |  2.9
Throwing       | |  0.7
Armour         | |  0.8
Dodging        | |  1.5
Spellcasting   | |  2.0
Translocations | |  3.7
Evocations     | |  0.4

Action                   |  1- 3 |  4- 6 || total
-------------------------+-------+-------++-------
Melee: Falchion          |    52 |       ||    52
       Tailslap          |     9 |     4 ||    13
       Punch             |     2 |     1 ||     3
       Whip              |    56 |    20 ||    76
       War axe           |       |    27 ||    27
 Abil: Rolling Charge    |    20 |     9 ||    29
  Use: Scroll            |     3 |     1 ||     4
       Potion            |     1 |     2 ||     3
Armor: Leather armour    |    33 |       ||    33
       Robe              |     6 |    18 ||    24
Dodge: Dodged            |    56 |    24 ||    80

Table legend: (Time is in decaauts)
 A = Elapsed time spent in this place.
 B = Non-inter-level travel time spent in this place.
 C = Inter-level travel time spent in this place.
 D = Time resting spent in this place.
 E = Time spent auto-exploring this place.
 F = Levels seen in this place.
 G = Mean time per level.
                   A        B        C        D        E       F      G
               +--------+--------+--------+--------+--------+-----+--------+
         Total |   2256 |   2095 |    161 |    255 |   1376 |   3 |  752.0 |
       Dungeon |   2256 |   2095 |    161 |    255 |   1376 |   3 |  752.0 |
               +--------+--------+--------+--------+--------+-----+--------+

Top non-repeatable levels by time:
     D:1: 1055 daAuts
     D:2: 890 daAuts
     D:3: 310 daAuts
